 Dungeon Crawl Stone Soup version 0.25.1-2-g60ff931df9 (webtiles) character file.

Game seed: 8518096407670260154

135 Cazemata the Chopper (level 4, 0/55 HPs)
             Began as a Demonspawn Berserker on Oct 15, 2020.
             Was a Believer of Trog.
             Succumbed to an orc wizard's poison
             ... on level 3 of the Dungeon.
             The game lasted 00:12:30 (1405 turns).

Cazemata the Chopper (Demonspawn Berserker)         Turns: 1405, Time: 00:12:30

Health: 0/55       AC: 22    Str: 18    XL:     4   Next: 97%
Magic:  1/4        EV:  2    Int:  9    God:    Trog [**....]
Gold:   19         SH:  0    Dex: 12    Spells: 3/3 levels left

rFire    . . .     SeeInvis .   a - +0 hand axe
rCold    . . .     Gourm    .   (no shield)
rNeg     + + +     Faith    .   (armour currently unavailable)
rPois    +         Spirit   +   (helmet currently unavailable)
rElec    .         Reflect  +   (cloak currently unavailable)
rCorr    .         Harm     .   (gloves currently unavailable)
MR       .....     NoTele   +   (boots currently unavailable)
Stlth    +.........             d - amulet of reflection
HPRegen  0.18/turn              (no ring)
MPRegen  0.09/turn              (no ring)

@: confused, lethally poisoned (0 -> -14), tree-form
A: magic shield
a: Berserk, Trog's Hand, Renounce Religion


You were on level 3 of the Dungeon.
You worshipped Trog.
Trog was pleased with you.
You were not hungry.
You were a tree.
You visited 1 branch of the dungeon, and saw 3 of its levels.

You collected 19 gold pieces.

Inventory:

Hand Weapons
 a - a +0 hand axe (weapon)
Armour
 b - a +1 animal skin
 h - a +0 robe
 i - a +0 chain mail (melded)
Jewellery
 d - an amulet of reflection (around neck)
 f - an uncursed ring of protection from magic {unknown}
Scrolls
 m - a scroll of enchant armour
 n - a scroll of teleportation
Potions
 e - a potion of might {unknown}
 j - 2 potions of stabbing {unknown}
Comestibles
 c - 2 rations


   Skills:
 + Level 4.0 Fighting
 + Level 4.0 Axes
 + Level 2.2 Armour
 + Level 2.3 Dodging


You had 3 spell levels left.
You didn't know any spells.
Your spell library was empty.

Dungeon Overview and Level Annotations

Branches:
Dungeon (3/15)

Altars:


Innate Abilities, Weirdness & Mutations

((You have a pair of small antennae on your head.))
((You are partially covered in sharp spines.))
When hurt, damage is shared between your health and your magic reserves.


Message History

You are more poisoned.
You cannot move. (Use ctrl+direction or * direction to attack without moving.)
You cannot move. (Use ctrl+direction or * direction to attack without moving.)
You cannot move. (Use ctrl+direction or * direction to attack without moving.)
You cannot move. (Use ctrl+direction or * direction to attack without moving.)
You cannot move. (Use ctrl+direction or * direction to attack without moving.)
You cannot move. (Use ctrl+direction or * direction to attack without moving.)
You cannot move. (Use ctrl+direction or * direction to attack without moving.)
You cannot move. (Use ctrl+direction or * direction to attack without moving.)
You cannot move. (Use ctrl+direction or * direction to attack without moving.)
You cannot move. (Use ctrl+direction or * direction to attack without moving.)
You cannot move. (Use ctrl+direction or * direction to attack without moving.)
* * * LOW HITPOINT WARNING * * *
You feel sick. Something hits you but does no damage.
* * * LOW HITPOINT WARNING * * *
You feel sick. Something hits you but does no damage.
There is a lethal amount of poison in your body!
There is a lethal amount of poison in your body!
There is a lethal amount of poison in your body!
You die...

###########
#.....♣{oo#
#.#######o)......
#.# #.####### #.#
#.# #.# #.# #.#
#.# #.# #.. #.#
### #.#


You could see 3 orcs.

Vanquished Creatures
  Natasha (thrice) (D:2)
  An ooze (D:1)
  2 worms (D:2)
  2 dart slugs (D:2)
  5 orcs
  2 giant cockroaches
  3 hobgoblins
  2 jackals (D:1)
  4 kobolds
  A quokka (D:2)
  4 bats (D:2)
  2 frilled lizards (D:2)
  8 goblins
  6 rats
45 creatures vanquished.

Notes
Turn   | Place    | Note
-------+----------+-------------------------------------------
     0 | D:1      | Cazemata the Demonspawn Berserker began the quest for the
                  | Orb.
     0 | D:1      | Reached XP level 1. HP: 18/18 MP: 1/1
    58 | D:1      | Gained mutation: When hurt, damage is shared between your
                  | health and your magic reserves. [demonic ancestry]
    58 | D:1      | Reached XP level 2. HP: 19/24 MP: 2/2
   787 | D:2      | Noticed Natasha
   803 | D:2      | Killed Natasha
   803 | D:2      | Gained mutation: You have a pair of small antennae on your
                  | head. [demonic ancestry]
   803 | D:2      | Reached XP level 3. HP: 15/29 MP: 3/3
   885 | D:2      | Noticed Natasha
   888 | D:2      | Reached ** piety under Trog
   900 | D:2      | Killed Natasha
   900 | D:2      | Gained mutation: You are partially covered in sharp spines.
                  | [demonic ancestry]
   900 | D:2      | Reached XP level 4. HP: 17/37 MP: 4/4
   931 | D:2      | Noticed Natasha
   941 | D:2      | Killed Natasha
  1404 | D:3      | HP: 2/55 [poisoned by an orc wizard]
  1405 | D:3      | Succumbed to an orc wizard's poison

Illustrated notes

Levels and vault maps discovered:
D:1:      tarquinn_simple_flora_water_b, layout_loops_cross,
          minmay_misc_feat_pillars
D:2:      layout_loops_ring, uniq_natasha
D:3:      layout_loops_ring, uniq_jessica

Skill      XL: |  1  2  3  4 |
---------------+-------------+-----
Axes           | 3 4 |  4.0
Armour         | 2 |  2.2
Dodging        | 2 |  2.3
Fighting       | 4 |  4.0

Action                   |  1- 3 |  4- 6 || total
-------------------------+-------+-------++-------
Melee: Hand axe          |    98 |    64 ||   162
  Use: Scroll            |     5 |       ||     5
       Potion            |       |     2 ||     2
  Eat: Chunk             |       |     2 ||     2
Armor: Chain mail        |    28 |    24 ||    52
       Animal skin       |     9 |       ||     9
       Robe              |     1 |       ||     1
       Skin              |       |     4 ||     4
Dodge: Dodged            |    47 |    29 ||    76
Block: Other             |    10 |    12 ||    22
